TOP OF THE 1ST |
Gwinnett Braves batting - Pitching for El Paso Chihuahuas : LHP Kurt Sutton
|
Pitching: LHP Kurt Sutton
|
|
Batting: LHB Ricky Ayon
|
0-0: Ball 1-0: Foul Ball, location: 2F 1-1: Called Strike 1-2: Strikes out swinging
|
Batting: RHB Francisco Hernandez
|
0-0: Ball 1-0: Swinging Strike 1-1: Called Strike 1-2: Ball 2-2: Foul Ball, location: 2F 2-2: Foul Ball, location: 2F 2-2: Foul Ball, location: 2F 2-2: Foul Ball, location: 2F 2-2: Ground out 5-3 (Groundball, 5, EV 92.5 MPH)
|
Batting: RHB Luis Revilla
|
0-0: Ball 1-0: Swinging Strike 1-1: SINGLE (Groundball, 6MD, EV 95.6 MPH)
|
Batting: RHB Jake Lang
|
0-0: Called Strike 0-1: Ball 1-1: SINGLE (Flyball, 6MD, EV 83.8 MPH) Luis Revilla to second Runner from 2nd tries for 3rd, SAFE, no throw by CF
|
Batting: RHB Alex Munoz
|
0-0: Called Strike 0-1: Ball 1-1: Called Strike 1-2: Ball 2-2: Ball 3-2: Base on Balls Jake Lang to second
|
Batting: RHB Josh Whitmore
|
0-0: Ball 1-0: Ball 2-0: Called Strike 2-1: Swinging Strike 2-2: SINGLE (Groundball, 4MD, EV 101.9 MPH) (infield hit) Luis Revilla scores Jake Lang to third Alex Munoz to second
|
Batting: RHB Jesse Lester
|
0-0: Called Strike 0-1: SINGLE (Groundball, 25, EV 69.4 MPH) (infield hit) Jake Lang scores Alex Munoz to third Josh Whitmore to second
|
Batting: RHB T.J. Jordan
|
0-0: Fly out, F8 (Flyball, 78D, EV 85.0 MPH)
|
Top of the 1st over - 2 runs, 4 hits, 0 errors, 3 left on base; Gwinnett 2 - El Paso 0 |
BOTTOM OF THE 1ST |
El Paso Chihuahuas batting - Pitching for Gwinnett Braves : RHP Preston Larson
|
Pitching: RHP Preston Larson
|
|
Batting: RHB Itsuo Yoshioka
|
0-0: Ball 1-0: Ball 2-0: Ground out 5-3 (Groundball, 56, EV 88.1 MPH)
|
Batting: LHB Ryan Flynn Jr.
|
0-0: Called Strike 0-1: Ball 1-1: Ball 2-1: Swinging Strike 2-2: Hit by Pitch
|
Batting: LHB Aaron LeBlanc
|
0-0: Called Strike 0-1: Ball 1-1: Called Strike 1-2: Fly out, F6 (Popup, 6M, EV 65.0 MPH)
|
Batting: RHB Jose Morrissey
|
0-0: Ball 1-0: Ball 2-0: Called Strike 2-1: Called Strike 2-2: Ball Ryan Flynn Jr. steals 2nd, throwing error, E2 Ryan Flynn Jr. to third 3-2: Foul Ball, location: 2F 3-2: Foul Ball, location: 2F 3-2: Reached on error, E5 (Groundball, 56, EV 107.5 MPH) Ryan Flynn Jr. scores
|
Batting: RHB Rudolf Gommers
|
0-0: Foul Ball, location: 2F 0-1: Ball 1-1: Fielders Choice at 2nd, 5-4 (Groundball, 56, EV 90.0 MPH)
|
Bottom of the 1st over - 1 run, 0 hits, 2 errors, 1 left on base; Gwinnett 2 - El Paso 1 |
TOP OF THE 2ND |
Gwinnett Braves batting - Pitching for El Paso Chihuahuas : LHP Kurt Sutton
|
Batting: RHB Ethan McCullough
|
0-0: Ball 1-0: Ground out 1-3 (Groundball, 13S, EV 65.6 MPH)
|
Batting: LHB Ricky Ayon
|
0-0: Ball 1-0: Ball 2-0: Called Strike 2-1: Foul Ball, location: 2F 2-2: Strikes out swinging
|
Batting: RHB Francisco Hernandez
|
0-0: Foul Ball, location: 2F 0-1: Foul Ball, location: 2F 0-2: SINGLE (Groundball, 25, EV 64.4 MPH) (infield hit)
|
Pinch Runner at 1st Tim Rodgers:
|
|
Batting: RHB Luis Revilla
|
0-0: Ball 1-0: Ball 2-0: Ball 3-0: Called Strike 3-1: Called Strike 3-2: Foul Ball, location: 2F 3-2: Foul Ball, location: 2F 3-2: Fly out, F8 (Line Drive, 8LM, EV 100.0 MPH)
|
Top of the 2nd over - 0 runs, 1 hit, 0 errors, 1 left on base; Gwinnett 2 - El Paso 1 |
BOTTOM OF THE 2ND |
El Paso Chihuahuas batting - Pitching for Gwinnett Braves : RHP Preston Larson
|
Now in CF: Tim Rodgers
|
|
Batting: LHB Luis Cruz
|
0-0: Ball 1-0: Ball 2-0: Ground out 3-1 (Groundball, 34, EV 102.5 MPH)
|
Batting: RHB Oscar Fausto
|
0-0: Called Strike 0-1: Ball 1-1: Foul Ball, location: 2F 1-2: Strikes out swinging
|
Batting: RHB Mark Cholagh
|
0-0: Ball 1-0: Foul Ball, location: 2F 1-1: Ball 2-1: Ground out 4-3 (Groundball, 4, EV 86.9 MPH)
|
Bottom of the 2nd over - 0 runs, 0 hits, 0 errors, 0 left on base; Gwinnett 2 - El Paso 1 |
TOP OF THE 3RD |
Gwinnett Braves batting - Pitching for El Paso Chihuahuas : LHP Kurt Sutton
|
Batting: RHB Jake Lang
|
0-0: Foul Ball, location: 2F 0-1: Called Strike 0-2: Foul Ball, location: 2F 0-2: Ball 1-2: Strikes out swinging
|
Batting: RHB Alex Munoz
|
0-0: Called Strike 0-1: Ball 1-1: Foul Ball, location: 2F 1-2: Strikes out looking
|
Batting: RHB Josh Whitmore
|
0-0: Ball 1-0: Ball 2-0: Called Strike 2-1: Called Strike 2-2: Ground out 6-3 (Groundball, 6, EV 93.1 MPH)
|
Top of the 3rd over - 0 runs, 0 hits, 0 errors, 0 left on base; Gwinnett 2 - El Paso 1 |
BOTTOM OF THE 3RD |
El Paso Chihuahuas batting - Pitching for Gwinnett Braves : RHP Preston Larson
|
Batting: LHB Helmut Steggall
|
0-0: Called Strike 0-1: Ball 1-1: DOUBLE (Line Drive, 89M, EV 104.4 MPH)
|
Batting: RHB Itsuo Yoshioka
|
0-0: Called Strike 0-1: Ground out 6-3 (Groundball, 6, EV 84.4 MPH)
|
Batting: LHB Ryan Flynn Jr.
|
0-0: Fly out, F8 (Flyball, 8RXD, EV 104.4 MPH) Runner from 2nd tags up, SAFE at 3rd, no throw by CF
|
Batting: LHB Aaron LeBlanc
|
0-0: Called Strike 0-1: Ground out 6-3 (Groundball, 6, EV 98.8 MPH)
|
Bottom of the 3rd over - 0 runs, 1 hit, 0 errors, 1 left on base; Gwinnett 2 - El Paso 1 |
TOP OF THE 4TH |
Gwinnett Braves batting - Pitching for El Paso Chihuahuas : LHP Kurt Sutton
|
Batting: RHB Jesse Lester
|
0-0: SINGLE (Groundball, 56D, EV 103.8 MPH)
|
Batting: RHB T.J. Jordan
|
0-0: Ball 1-0: Fly out, F9 (Flyball, 9, EV 94.4 MPH)
|
Batting: RHB Ethan McCullough
|
0-0: Ball 1-0: Ball 2-0: Fly out, F8 (Flyball, 8RXD, EV 108.1 MPH)
|
Batting: LHB Ricky Ayon
|
0-0: Called Strike 0-1: Ball 1-1: Ground out U3 (Groundball, 3L, EV 90.6 MPH)
|
Top of the 4th over - 0 runs, 1 hit, 0 errors, 1 left on base; Gwinnett 2 - El Paso 1 |
BOTTOM OF THE 4TH |
El Paso Chihuahuas batting - Pitching for Gwinnett Braves : RHP Preston Larson
|
Batting: RHB Jose Morrissey
|
0-0: DOUBLE (Line Drive, 9LM, EV 105.6 MPH)
|
Batting: RHB Rudolf Gommers
|
0-0: Ball 1-0: Swinging Strike 1-1: Ball 2-1: Foul Ball, location: 2F 2-2: Strikes out swinging
|
Batting: LHB Luis Cruz
|
0-0: Called Strike 0-1: Called Strike 0-2: Ball 1-2: Ball 2-2: Strikes out swinging
|
Batting: RHB Oscar Fausto
|
0-0: Called Strike 0-1: Foul Ball, location: 2F 0-2: Fly out, F7 (Flyball, 7D, EV 83.8 MPH)
|
Bottom of the 4th over - 0 runs, 1 hit, 0 errors, 1 left on base; Gwinnett 2 - El Paso 1 |
TOP OF THE 5TH |
Gwinnett Braves batting - Pitching for El Paso Chihuahuas : LHP Kurt Sutton
|
Batting: SHB Tim Rodgers
|
0-0: Ball 1-0: Called Strike 1-1: Ball 2-1: Fly out, F8 (Line Drive, 8LM, EV 101.2 MPH)
|
Batting: RHB Luis Revilla
|
0-0: Ball 1-0: Called Strike 1-1: Ball 2-1: Ball 3-1: Base on Balls
|
Batting: RHB Jake Lang
|
0-0: Ball 1-0: Ball 2-0: Grounds into double play, 5-4-3 (Groundball, 56D, EV 82.5 MPH)
|
Top of the 5th over - 0 runs, 0 hits, 0 errors, 0 left on base; Gwinnett 2 - El Paso 1 |
BOTTOM OF THE 5TH |
El Paso Chihuahuas batting - Pitching for Gwinnett Braves : RHP Preston Larson
|
Batting: RHB Mark Cholagh
|
0-0: Ball 1-0: Foul Ball, location: 2F 1-1: Ball 2-1: Ground out 1-3 (Groundball, P, EV 64.4 MPH)
|
Batting: LHB Helmut Steggall
|
0-0: Called Strike 0-1: Foul Ball, location: 2F 0-2: Ball 1-2: Strikes out swinging
|
Batting: RHB Itsuo Yoshioka
|
0-0: Ball 1-0: Foul Ball, location: 2F 1-1: Ball 2-1: Foul Ball, location: 2F 2-2: Foul Ball, location: 2F 2-2: Foul Ball, location: 2F 2-2: Foul Ball, location: 2F 2-2: Ball 3-2: Reached on error, E5 (Groundball, 5S, EV 83.1 MPH)
|
Batting: LHB Ryan Flynn Jr.
|
0-0: Fly out, F8 (Flyball, 8RS, EV 84.4 MPH)
|
Bottom of the 5th over - 0 runs, 0 hits, 1 error, 1 left on base; Gwinnett 2 - El Paso 1 |
TOP OF THE 6TH |
Gwinnett Braves batting - Pitching for El Paso Chihuahuas : LHP Kurt Sutton
|
Batting: RHB Alex Munoz
|
0-0: Ball 1-0: Called Strike 1-1: Foul Ball, location: 2F 1-2: Ball 2-2: Strikes out swinging
|
Batting: RHB Josh Whitmore
|
0-0: Foul Ball, location: 2F 0-1: Ball 1-1: Ball 2-1: SINGLE (Line Drive, 89S, EV 112.5 MPH)
|
Batting: RHB Jesse Lester
|
0-0: Ball 1-0: Called Strike 1-1: Ball Josh Whitmore steals 2nd, throwing error, E2 Josh Whitmore to third 2-1: Ground out 5-3 (Groundball, 5, EV 90.0 MPH)
|
Pitching: RHP Warren Swan
|
|
Batting: RHB T.J. Jordan
|
0-0: Swinging Strike 0-1: Called Strike 0-2: Ball Wild Pitch! Josh Whitmore scores 1-2: Strikes out swinging
|
Top of the 6th over - 1 run, 1 hit, 1 error, 0 left on base; Gwinnett 3 - El Paso 1 |
BOTTOM OF THE 6TH |
El Paso Chihuahuas batting - Pitching for Gwinnett Braves : RHP Preston Larson
|
Batting: LHB Aaron LeBlanc
|
0-0: Ball 1-0: Fly out, F8 (Flyball, 8LS, EV 89.4 MPH)
|
Batting: RHB Jose Morrissey
|
0-0: Foul Ball, location: 2F 0-1: Ball 1-1: Ball 2-1: Ball 3-1: Called Strike 3-2: Foul Ball, location: 2F 3-2: Base on Balls
|
Batting: RHB Rudolf Gommers
|
0-0: Ball Jose Morrissey steals 2nd base 1-0: Foul Ball, location: 2F 1-1: Fly out, F8 (Line Drive, 8LM, EV 99.4 MPH)
|
Batting: LHB Luis Cruz
|
0-0: Ball 1-0: Called Strike 1-1: Ball 2-1: Foul Ball, location: 2F 2-2: Ball 3-2: Strikes out swinging
|
Bottom of the 6th over - 0 runs, 0 hits, 0 errors, 1 left on base; Gwinnett 3 - El Paso 1 |
TOP OF THE 7TH |
Gwinnett Braves batting - Pitching for El Paso Chihuahuas : RHP Warren Swan
|
Batting: RHB Ethan McCullough
|
0-0: Ground out 1-3 (Groundball, 25, EV 68.1 MPH)
|
Batting: LHB Ricky Ayon
|
0-0: Foul Ball, location: 2F 0-1: Ground out U3 (Groundball, 3S, EV 88.8 MPH)
|
Batting: SHB Tim Rodgers
|
0-0: Ball 1-0: Swinging Strike 1-1: Swinging Strike 1-2: DOUBLE (Flyball, 78D, EV 113.1 MPH)
|
Batting: RHB Luis Revilla
|
0-0: SINGLE (Line Drive, 6D, EV 94.4 MPH) Tim Rodgers to third Runner from 3rd tries for Home, SAFE, throw by CF to home
|
Batting: RHB Jake Lang
|
0-0: Ball 1-0: Foul Ball, location: 2F 1-1: Swinging Strike 1-2: Foul Ball, location: 2F 1-2: Ball 2-2: Foul Ball, location: 2F 2-2: Ball Luis Revilla steals 2nd base 3-2: Strikes out looking
|
Top of the 7th over - 1 run, 2 hits, 0 errors, 1 left on base; Gwinnett 4 - El Paso 1 |
BOTTOM OF THE 7TH |
El Paso Chihuahuas batting - Pitching for Gwinnett Braves : RHP Preston Larson
|
Batting: RHB Oscar Fausto
|
0-0: Called Strike 0-1: Foul Ball, location: 2F 0-2: Foul Ball, location: 2F 0-2: DOUBLE (Line Drive, 3D, EV 98.1 MPH)
|
Batting: RHB Mark Cholagh
|
0-0: Ball 1-0: Called Strike 1-1: Called Strike 1-2: Ball 2-2: Strikes out swinging
|
Pitching: LHP Kyle Krull
|
|
Batting: LHB Helmut Steggall
|
0-0: Ball 1-0: Ground out 4-3 (Groundball, 4M, EV 107.5 MPH) Oscar Fausto to third
|
Pitching: RHP Chong-hun Park
|
|
Batting: RHB Itsuo Yoshioka
|
0-0: Swinging Strike 0-1: Ball 1-1: Foul Ball, location: 2F 1-2: Fly out, F9 (Flyball, 89S, EV 81.9 MPH)
|
Bottom of the 7th over - 0 runs, 1 hit, 0 errors, 1 left on base; Gwinnett 4 - El Paso 1 |
TOP OF THE 8TH |
Gwinnett Braves batting - Pitching for El Paso Chihuahuas : RHP Warren Swan
|
Pitching: RHP Jason Decker
|
|
Batting: RHB Alex Munoz
|
0-0: Ball 1-0: Ground out 4-3 (Groundball, 4M, EV 105.0 MPH)
|
Batting: RHB Josh Whitmore
|
0-0: Foul Ball, location: 2F 0-1: SINGLE (Groundball, 6MS, EV 71.9 MPH) (infield hit)
|
Batting: RHB Jesse Lester
|
0-0: Called Strike Josh Whitmore steals 2nd base 0-1: Ball 1-1: Ball 2-1: SINGLE (Line Drive, 78S, EV 108.1 MPH) Josh Whitmore to third Runner from 3rd tries for Home, SAFE, throw by LF to home Jesse Lester to second
|
Batting: RHB T.J. Jordan
|
0-0: Ball 1-0: Called Strike 1-1: Foul Ball, location: 2F 1-2: Ball 2-2: Strikes out swinging
|
Batting: RHB Ethan McCullough
|
0-0: Ground out U3 (Groundball, 34S, EV 83.1 MPH)
|
Top of the 8th over - 1 run, 2 hits, 0 errors, 1 left on base; Gwinnett 5 - El Paso 1 |
BOTTOM OF THE 8TH |
El Paso Chihuahuas batting - Pitching for Gwinnett Braves : RHP Chong-hun Park
|
Batting: LHB Ryan Flynn Jr.
|
0-0: Foul Ball, location: 2F 0-1: Ball 1-1: Foul Ball, location: 2F 1-2: Strikes out swinging
|
Batting: LHB Aaron LeBlanc
|
0-0: Ball 1-0: Swinging Strike 1-1: Ball 2-1: Ball 3-1: Swinging Strike 3-2: Base on Balls
|
Batting: RHB Jose Morrissey
|
0-0: DOUBLE (Line Drive, 7LS, EV 110.0 MPH) Aaron LeBlanc to third Runner from 3rd tries for Home, SAFE, throw by LF to trailing runner, SAFE at third!
|
Batting: RHB Rudolf Gommers
|
0-0: Called Strike 0-1: Swinging Strike 0-2: Ball 1-2: Foul Ball, location: 2F 1-2: Foul Ball, location: 2F 1-2: Strikes out swinging
|
Batting: LHB Luis Cruz
|
0-0: Ground out 6-3 (Groundball, 56, EV 101.2 MPH)
|
Bottom of the 8th over - 1 run, 1 hit, 0 errors, 1 left on base; Gwinnett 5 - El Paso 2 |
TOP OF THE 9TH |
Gwinnett Braves batting - Pitching for El Paso Chihuahuas : RHP Jason Decker
|
Batting: LHB Ricky Ayon
|
0-0: Ball 1-0: Ball 2-0: Called Strike 2-1: Ball 3-1: Base on Balls
|
Batting: SHB Tim Rodgers
|
0-0: Ball Ricky Ayon is caught stealing 2nd base 2-6 1-0: Swinging Strike 1-1: Ball 2-1: Ground out 6-3 (Groundball, 6, EV 101.9 MPH)
|
Batting: RHB Luis Revilla
|
0-0: Called Strike 0-1: Reached on error, E8 (Flyball, 8LD, EV 105.6 MPH)
|
Batting: RHB Jake Lang
|
0-0: Swinging Strike 0-1: Ball 1-1: Ball 2-1: Swinging Strike 2-2: Foul Ball, location: 2F 2-2: Ground out 6-3 (Groundball, 6, EV 98.8 MPH)
|
Top of the 9th over - 0 runs, 0 hits, 1 error, 1 left on base; Gwinnett 5 - El Paso 2 |
BOTTOM OF THE 9TH |
El Paso Chihuahuas batting - Pitching for Gwinnett Braves : RHP Chong-hun Park
|
Pitching: RHP Will Patterson
|
|
Batting: RHB Oscar Fausto
|
0-0: Ball 1-0: Called Strike 1-1: Called Strike 1-2: Strikes out swinging
|
Batting: RHB Mark Cholagh
|
0-0: Called Strike 0-1: Ball 1-1: Ball 2-1: Called Strike 2-2: Ball 3-2: Foul Ball, location: 2F 3-2: Foul Ball, location: 2F 3-2: SINGLE (Flyball, 34D, EV 86.9 MPH)
|
Batting: LHB Helmut Steggall
|
0-0: Ball 1-0: Ball 2-0: Ball 3-0: Called Strike 3-1: Swinging Strike 3-2: Foul Ball, location: 2F 3-2: Strikes out swinging
|
Batting: RHB Itsuo Yoshioka
|
0-0: Ball 1-0: Foul Ball, location: 2F 1-1: Called Strike 1-2: Strikes out swinging
|
Bottom of the 9th over - 0 runs, 1 hit, 0 errors, 1 left on base; Gwinnett 5 - El Paso 2 |
|